[Event "Titled Tuesday Blitz October 5 2021"]
[White "Rozhkov, Viacheslav"]
[Black "Ozen, Bahadir"]
[WhiteFideId "4181484"]
[BlackFideId "6337058"]
[WhiteElo "2324"]
[BlackElo "2503"]
[Result "1/2-1/2"]
[Round "04"]
[TimeControl "180+1"]
[Date "2021.10.05"]
[WhiteClock "0:00:13"]
[BlackClock "0:00:12"]

1. e4 c5 2. Nf3 d6 3. d4 cxd4 4. Nxd4 Nf6 5. Nc3 a6 6. Be3 e5 7. Nb3 Be6 8. f3 h5 9. g3 Nbd7 10. Qd2 Rc8 11. O-O-O Be7 12. Nd5 Bxd5 13. exd5 Nb6 14. Bxb6 Qxb6 15. Bh3 Rc7 16. Rhe1 O-O 17. f4 e4 18. Kb1 Re8 19. Qd4 Qxd4 20. Nxd4 Bf8 21. Bg2 g6 22. h3 Bg7 23. c3 Bh6 24. f5 g5 25. Re2 g4 26. hxg4 hxg4 27. Rh1 Kg7 28. a4 Rc4 29. Rhe1 Rxa4 30. Bxe4 Rc4 31. Bg2 Rxe2 32. Rxe2 Rc7 33. Kc2 Bg5 34. Kd3 Kf8 35. b3 Nd7 36. c4 Ne5+ 37. Kc2 Bf6 38. Re4 b5 39. Nc6 Nxc6 40. dxc6 Rxc6 41. Rxg4 Rc5 42. Rf4 bxc4 43. bxc4 Be5 44. Rg4 a5 45. Bd5 a4 46. Rh4 Kg7 47. Rh1 Ra5 48. Kb1 a3 49. Ka2 Ra7 50. g4 Bf4 51. Rb1 Kf6 52. Rb7 Rxb7 53. Bxb7 Kg5 54. Bf3 Bc1 55. Kb3 Kf4 56. Bd1 Ke5 57. Be2 Kf4 58. Ka2 Bb2 59. Bd1 Ke3 60. Kb3 Kd2 61. Bf3 Kc1 62. Ka2 Kc2 63. Bd5 f6 64. Be4+ Kd2 65. Bd5 Ke3 66. Kb3 Kf4 67. Be6 Kxg4 68. Ka2 Kf4 69. Kb3 Ke4 70. Ka2 Kd4 71. Kb3 Kd3 72. Ka2 Kc2 73. Bd5 Bc1 74. Be6 Kc3 75. Bd5 Kd4 76. Be6 Ke4 77. Kb3 Be3 78. Kxa3 Bc5+ 79. Kb3 Ke5 80. Ka4 1/2-1/2


[Site "https://www.chess.com"]

[Event "Titled Tuesday Blitz October 5 2021"]
[White "Sagripanti, Michele"]
[Black "Onyshchuk, Volodymyr"]
[WhiteFideId "847895"]
[BlackFideId "14114038"]
[WhiteElo "2195"]
[BlackElo "2603"]
[Result "0-1"]
[Round "04"]
[TimeControl "180+1"]
[Date "2021.10.05"]
[WhiteClock "0:00:02"]
[BlackClock "0:00:25"]

1. e4 e5 2. d4 exd4 3. c3 d3 4. Bxd3 Nc6 5. Bc2 Bc5 6. Ne2 d6 7. Nd2 a5 8. Nb3 Bb6 9. a4 Nf6 10. O-O O-O 11. Bg5 h6 12. Bh4 g5 13. Bg3 Nh5 14. Kh1 Qf6 15. Nbd4 Bg4 16. h3 Nxd4 17. hxg4 Nxe2 18. Qxe2 Nxg3+ 19. fxg3 Qg7 20. Rf5 Rae8 21. Raf1 Re5 22. Bb3 Rxf5 23. Rxf5 Kh8 24. Qc4 f6 25. Qd5 Qg6 26. Bd1 c6 27. Qd3 Re8 28. Bf3 Re6 29. b4 axb4 30. cxb4 Qf7 31. Kh2 Kg7 32. b5 Qe7 33. bxc6 bxc6 34. a5 Bc5 35. Qa6 Qc7 36. e5 d5 37. exf6+ Kf7 38. Qd3 Bd6 39. Bd1 Re1 40. Bc2 Bxg3+ 0-1


[Site "https://www.chess.com"]

[Event "Titled Tuesday Blitz October 5 2021"]
[White "Sanal, Vahap"]
[Black "Janaszak, Dawid"]
[WhiteFideId "6300545"]
[BlackFideId "1119206"]
[WhiteElo "2492"]
[BlackElo "2215"]
[Result "1-0"]
[Round "04"]
[TimeControl "180+1"]
[Date "2021.10.05"]
[WhiteClock "0:02:34"]
[BlackClock "0:00:29"]

1. e4 c5 2. Nf3 g6 3. d4 cxd4 4. Nxd4 Nf6 5. Nc3 Nc6 6. Nxc6 bxc6 7. e5 Ng8 8. Bc4 Bg7 9. O-O Bxe5 10. Re1 Bg7 11. Bf4 Kf8 12. Qf3 Nf6 13. Rad1 d5 14. h3 Be6 15. Bb3 h5 16. Na4 Bf5 17. c4 Be4 18. Rxe4 Nxe4 19. cxd5 Nf6 20. dxc6 Qe8 21. c7 Bh6 22. Bxh6+ Rxh6 23. Qxa8 Qxa8 24. Rd8+ 1-0


[Site "https://www.chess.com"]

[Event "Titled Tuesday Blitz October 5 2021"]
[White "Seemann, Jakub"]
[Black "Dang, Hoang Son"]
[WhiteFideId "21874697"]
[BlackFideId "12402435"]
[WhiteElo "1915"]
[BlackElo "2248"]
[Result "0-1"]
[Round "04"]
[TimeControl "180+1"]
[Date "2021.10.05"]
[WhiteClock "0:00:02"]
[BlackClock "0:00:05"]

1. e4 g6 2. d4 Bg7 3. Nc3 a6 4. f4 d5 5. e5 Nh6 6. Be3 Nc6 7. Be2 O-O 8. Bf2 f6 9. Nf3 fxe5 10. fxe5 Ng4 11. O-O Nxf2 12. Rxf2 Bf5 13. Qd2 e6 14. Raf1 Qe7 15. h3 Rad8 16. Bd3 Bxd3 17. Qxd3 Nb4 18. Qe3 c5 19. dxc5 Nc6 20. Ne2 Rf5 21. g4 Rff8 22. c3 Qc7 23. Ned4 Rde8 24. Nxc6 bxc6 25. b4 a5 26. a3 axb4 27. axb4 Rf7 28. Nd4 Rxf2 29. Rxf2 Bxe5 30. Nxc6 Bxc3 31. b5 Bg7 32. Ra2 d4 33. Qe4 Qg3+ 34. Rg2 Qa3 35. b6 Qxc5 36. b7 Bh6 37. b8=Q Rxb8 38. Qxe6+ Kh8 39. Nxb8 Qc1+ 40. Kf2 Be3+ 41. Ke2 Qb2+ 42. Kf3 Qxb8 43. Rc2 Qf4+ 44. Kg2 Kg7 45. Ra2 Qc7 46. Qd5 Kh6 47. Rb2 Qc1 48. g5+ Bxg5 49. Re2 Qf4 50. h4 Qxh4 51. Kf1 Qf4+ 52. Rf2 Qc1+ 53. Kg2 Be3 54. Rf3 Qg1+ 55. Kh3 Bg5 56. Rg3 Qf1+ 57. Rg2 d3 58. Kg3 Qf4+ 59. Kh3 Qh4# 0-1


[Site "https://www.chess.com"]

[Event "Titled Tuesday Blitz October 5 2021"]
[White "Seliverstov, Vladimir"]
[Black "Trent, Lawrence"]
[WhiteFideId "4192036"]
[BlackFideId "408638"]
[WhiteElo "2489"]
[BlackElo "2474"]
[Result "1-0"]
[Round "04"]
[TimeControl "180+1"]
[Date "2021.10.05"]
[WhiteClock "0:00:10"]
[BlackClock "0:00:09"]

1. c4 b6 2. d4 Bb7 3. Nc3 f5 4. d5 Nf6 5. g3 e6 6. Bg2 Bb4 7. Bd2 O-O 8. Nh3 e5 9. O-O h6 10. e4 fxe4 11. Nxe4 Bxd2 12. Qxd2 d6 13. f4 Nxe4 14. Bxe4 Nd7 15. fxe5 Nxe5 16. Nf4 Qg5 17. Qc3 Rae8 18. Rae1 Bc8 19. b3 Bg4 20. h3 Bd7 21. Kh2 h5 22. Qc1 h4 23. g4 Bxg4 24. hxg4 Nxg4+ 25. Kh1 Qe5 26. Bh7+ Kxh7 27. Rxe5 Rxe5 28. Ne6 Nf2+ 29. Kg2 Re3 30. Qxe3 1-0


[Site "https://www.chess.com"]

[Event "Titled Tuesday Blitz October 5 2021"]
[White "Shuvalov, Evgenij"]
[Black "Mustafayev, Farid"]
[WhiteFideId "4187237"]
[BlackFideId "13408771"]
[WhiteElo "2129"]
[BlackElo "2091"]
[Result "1/2-1/2"]
[Round "04"]
[TimeControl "180+1"]
[Date "2021.10.05"]
[WhiteClock "0:00:13"]
[BlackClock "0:00:15"]

1. Nf3 Nf6 2. c4 g6 3. Nc3 Bg7 4. e4 d6 5. d4 O-O 6. Be2 c6 7. O-O e5 8. Qc2 Nbd7 9. Rd1 Qc7 10. h3 Re8 11. Be3 exd4 12. Nxd4 Nc5 13. Bf3 a5 14. Nb3 b6 15. Nd4 Bb7 16. Rac1 Re7 17. Bf4 Rae8 18. Ndb5 cxb5 19. Nxb5 Qc8 20. Nxd6 Qa8 21. Nxe8 Rxe8 22. Rd6 Nfxe4 23. Rxb6 Qa7 24. Rb5 Bc6 25. Be3 Bf8 26. b4 axb4 27. Rxb4 Qa5 28. Rcb1 f5 29. Rb8 Rxb8 30. Rxb8 Qe1+ 31. Kh2 Kf7 32. Rxf8+ Kxf8 33. Bxc5+ Nxc5 34. Bxc6 Qe5+ 35. g3 f4 36. Bd5 Kg7 37. a4 h5 38. h4 g5 39. hxg5 fxg3+ 40. fxg3 h4 41. Qf2 hxg3+ 42. Qxg3 Qe2+ 43. Kh3 Qf1+ 44. Bg2 Qf5+ 45. Qg4 Qh7+ 46. Kg3 Qd3+ 47. Qf3 Ne4+ 48. Kg4 Qd7+ 49. Qf5 Nf2+ 50. Kf4 Nd3+ 51. Kg4 Nf2+ 52. Kf4 Nd3+ 53. Kg4 Ne5+ 54. Kf4 Nd3+ 1/2-1/2


[Site "https://www.chess.com"]

[Event "Titled Tuesday Blitz October 5 2021"]
[White "Siva Mahadevan"]
[Black "Katz, Alexander"]
[WhiteFideId "25043153"]
[BlackFideId "2039796"]
[WhiteElo "2203"]
[BlackElo "2371"]
[Result "1-0"]
[Round "04"]
[TimeControl "180+1"]
[Date "2021.10.05"]
[WhiteClock "0:02:29"]
[BlackClock "0:01:40"]

1. e4 e5 2. Nf3 Nc6 3. Bb5 a6 4. Ba4 Nge7 5. O-O d6 6. c3 Bd7 7. d4 Ng6 8. Re1 Be7 9. Nbd2 O-O 10. Nf1 Bg4 11. d5 Nb8 12. Ne3 Bc8 13. Nf5 Nd7 14. Bc2 a5 15. g3 Kh8 16. h4 Rg8 17. Be3 Nf6 18. Ng5 Qf8 19. h5 h6 20. hxg6 hxg5 21. Kg2 1-0


[Site "https://www.chess.com"]

[Event "Titled Tuesday Blitz October 5 2021"]
[White "Sjugirov, Sanan"]
[Black "Gaehwiler, Gabriel"]
[WhiteFideId "4189302"]
[BlackFideId "1314530"]
[WhiteElo "2654"]
[BlackElo "2320"]
[Result "1-0"]
[Round "04"]
[TimeControl "180+1"]
[Date "2021.10.05"]
[WhiteClock "0:00:05"]
[BlackClock "0:00:08"]

1. d4 Nf6 2. c4 g6 3. Nc3 Bg7 4. e4 O-O 5. Nf3 d6 6. h3 Na6 7. Be3 e5 8. d5 Nh5 9. g3 Qe8 10. Be2 f5 11. exf5 gxf5 12. Nh4 Nf6 13. Qc2 f4 14. Bd2 e4 15. Bxf4 Nb4 16. Qd2 Nd3+ 17. Bxd3 exd3+ 18. Qe3 Nh5 19. Qxe8 Rxe8+ 20. Kd2 Nxf4 21. gxf4 Bf6 22. Ng2 Bf5 23. Ne3 Be4 24. Rhg1+ Kf7 25. Rae1 c6 26. dxc6 bxc6 27. Ng4 Bg6 28. Nh6+ Kf8 29. Rxe8+ Rxe8 30. f5 Bf7 31. Nxf7 Kxf7 32. Kxd3 Re5 33. Ne4 Be7 34. f6 Bxf6 35. Nxd6+ Ke6 36. Ne4 Rh5 37. Nxf6 Rxh3+ 38. Rg3 Rxg3+ 39. fxg3 Kxf6 40. b4 Kf5 41. Ke3 Ke5 42. a4 h5 43. a5 Kf5 44. b5 cxb5 45. cxb5 Ke6 46. b6 axb6 47. a6 1-0


[Site "https://www.chess.com"]

[Event "Titled Tuesday Blitz October 5 2021"]
[White "Snehal, Bhosale"]
[Black "Yaksin, Oleg"]
[WhiteFideId "5021995"]
[BlackFideId "24105880"]
[WhiteElo "2103"]
[BlackElo "2256"]
[Result "0-1"]
[Round "04"]
[TimeControl "180+1"]
[Date "2021.10.05"]
[WhiteClock "0:00:13"]
[BlackClock "0:00:31"]

1. d4 Nf6 2. Nf3 e6 3. Bg5 h6 4. Bh4 c5 5. e3 Qb6 6. Qc1 Nc6 7. c3 Be7 8. Nbd2 d5 9. Bd3 Bd7 10. O-O Rc8 11. Rb1 O-O 12. Qd1 Qc7 13. Qe2 Rfe8 14. Rbc1 e5 15. dxe5 Nxe5 16. Bg3 Bd6 17. Nxe5 Bxe5 18. Bxe5 Qxe5 19. Nf3 Qh5 20. h3 a6 21. c4 d4 22. e4 Bc6 23. Rfe1 Bxe4 24. Bxe4 Rxe4 25. Qd3 Rce8 26. Rxe4 Rxe4 27. Qa3 Qf5 28. b4 cxb4 29. Qxb4 Qd7 30. Rd1 d3 31. Qc3 Qa4 32. Rxd3 Qxc4 33. Rd8+ Kh7 34. Qb2 b5 35. Kh2 Qc7+ 0-1


[Site "https://www.chess.com"]

[Event "Titled Tuesday Blitz October 5 2021"]
[White "Sokolin, Leonid"]
[Black "Tristan, Leonardo"]
[WhiteFideId "2009161"]
[BlackFideId "113816"]
[WhiteElo "2394"]
[BlackElo "2404"]
[Result "0-1"]
[Round "04"]
[TimeControl "180+1"]
[Date "2021.10.05"]
[WhiteClock "0:01:26"]
[BlackClock "0:01:35"]

1. e4 d5 2. exd5 Qxd5 3. Nc3 Qa5 4. Bc4 Nf6 5. Nge2 Bg4 6. f3 Bf5 7. d4 Nc6 8. d5 O-O-O 9. Bd2 Qc5 10. dxc6 Qxc4 11. cxb7+ Kxb7 12. Qc1 e5 13. b3 Qh4+ 14. Ng3 Nh5 15. Bg5 Qb4 16. Nxf5 Qxc3+ 17. Kf2 Bc5+ 18. Be3 Rd2+ 0-1


[Site "https://www.chess.com"]

[Event "Titled Tuesday Blitz October 5 2021"]
[White "Stribuk, Artiom"]
[Black "Diaz Perez, Michel Alejandro"]
[WhiteFideId "13515659"]
[BlackFideId "3517179"]
[WhiteElo "2224"]
[BlackElo "2337"]
[Result "1-0"]
[Round "04"]
[TimeControl "180+1"]
[Date "2021.10.05"]
[WhiteClock "0:00:04"]
[BlackClock "0:00:02"]

1. d4 Nf6 2. Nf3 e6 3. c4 d5 4. g3 Be7 5. Bg2 O-O 6. O-O dxc4 7. Na3 Bxa3 8. bxa3 Nc6 9. a4 Re8 10. Ba3 h6 11. Rc1 Na5 12. Ne5 Nd5 13. e4 Nb6 14. Qh5 Qf6 15. Bb4 Nc6 16. Nxc6 bxc6 17. e5 Qf5 18. Qe2 Ba6 19. Be4 Qg5 20. h4 Qd8 21. Bxc6 Rb8 22. Bc5 Bb7 23. Bxb7 Rxb7 24. a5 Nd5 25. Qxc4 Qd7 26. Qa6 Reb8 27. Bxa7 Nb4 28. Qc4 Rxa7 29. Rb1 Nc6 30. a6 Rxb1 31. Rxb1 Nxd4 32. Rb8+ Kh7 33. Qd3+ g6 34. Rb7 Ra8 35. a7 Qd5 36. Qa6 Nf3+ 37. Kf1 Nd2+ 38. Ke2 Ne4 39. Rb8 Nc5 40. Qc8 1-0


[Site "https://www.chess.com"]

[Event "Titled Tuesday Blitz October 5 2021"]
[White "Tabatabaei, M. Amin"]
[Black "Bykov, Egor"]
[WhiteFideId "12521213"]
[BlackFideId "34115290"]
[WhiteElo "2555"]
[BlackElo "2221"]
[Result "1-0"]
[Round "04"]
[TimeControl "180+1"]
[Date "2021.10.05"]
[WhiteClock "0:00:15"]
[BlackClock "0:00:12"]

1. b3 d5 2. Bb2 Nf6 3. Nf3 Bg4 4. e3 c6 5. h3 Bh5 6. d3 Nbd7 7. Nbd2 e6 8. g4 Bg6 9. Nh4 e5 10. Bg2 Bd6 11. Qe2 Qe7 12. a3 a5 13. Nxg6 hxg6 14. g5 Nh7 15. h4 Nhf8 16. c4 dxc4 17. Nxc4 Ne6 18. Qg4 a4 19. b4 Bc7 20. Rc1 Nd8 21. Nd2 Bd6 22. Ne4 Ne6 23. O-O O-O 24. h5 gxh5 25. Qxh5 g6 26. Qg4 Ng7 27. Qxd7 Ne6 28. Qxe7 Bxe7 29. Bxe5 Nxg5 30. Nxg5 Bxg5 31. f4 Be7 32. Bd4 Rad8 33. Rcd1 Rd7 34. Bc3 Rfd8 35. d4 Bf6 36. Be4 Bg7 37. Kf2 f5 38. Bd3 b5 39. Rg1 Kf7 40. Be2 Rh8 41. Bf3 Rc7 42. Rg2 Rh6 43. Rdg1 Bf6 44. Rxg6 Bh4+ 45. Ke2 Rxg6 46. Bh5 1-0


[Site "https://www.chess.com"]

[Event "Titled Tuesday Blitz October 5 2021"]
[White "Timmermans, Mark"]
[Black "Girinath, P.D.S."]
[WhiteFideId "1026399"]
[BlackFideId "5000572"]
[WhiteElo "2460"]
[BlackElo "2333"]
[Result "1-0"]
[Round "04"]
[TimeControl "180+1"]
[Date "2021.10.05"]
[WhiteClock "0:00:56"]
[BlackClock "0:00:03"]

1. b4 c6 2. Bb2 Nf6 3. c4 e5 4. b5 d6 5. e3 g6 6. a4 Bg7 7. Nc3 O-O 8. Nf3 Re8 9. Be2 e4 10. Nd4 c5 11. Nc2 Nbd7 12. O-O Ne5 13. Na3 Bf5 14. f4 exf3 15. Bxf3 Nxf3+ 16. Qxf3 Ne4 17. Nab1 Qd7 18. Qe2 d5 19. cxd5 Nxc3 20. Nxc3 Bxc3 21. Bxc3 Qxd5 22. Rf4 Re4 23. Qf3 Rd8 24. g4 Rxf4 25. Qxf4 Be6 26. Qf6 Kf8 27. Qh8+ Ke7 28. Bf6+ 1-0


[Site "https://www.chess.com"]

[Event "Titled Tuesday Blitz October 5 2021"]
[White "Tologon tegin, Semetei"]
[Black "Kamsky, Gata"]
[WhiteFideId "13800574"]
[BlackFideId "2000024"]
[WhiteElo "2224"]
[BlackElo "2603"]
[Result "1/2-1/2"]
[Round "04"]
[TimeControl "180+1"]
[Date "2021.10.05"]
[WhiteClock "0:00:32"]
[BlackClock "0:00:51"]

1. d4 d5 2. c4 c6 3. Nf3 Nf6 4. Qb3 e6 5. g3 Nbd7 6. Bg2 a5 7. O-O a4 8. Qc2 Be7 9. Bg5 O-O 10. Nbd2 h6 11. Bf4 Nh5 12. cxd5 Nxf4 13. gxf4 cxd5 14. a3 Bd6 15. e3 f5 16. Kh1 Nf6 17. Ne5 Bd7 18. Rac1 Qb6 19. Nxd7 Nxd7 20. Nb1 Qa5 21. Nc3 Rfc8 22. Qd3 Nb6 23. Rc2 Rc6 24. Rfc1 Rac8 25. Bf1 Nc4 26. Be2 b5 27. Kg2 b4 28. axb4 Qxb4 29. Nxa4 Qxa4 30. b3 Qa8 31. bxc4 Rxc4 32. Qd1 Rxc2 33. Rxc2 Rxc2 34. Qxc2 1/2-1/2


[Site "https://www.chess.com"]

[Event "Titled Tuesday Blitz October 5 2021"]
[White "Visakh N R"]
[Black "Isajevsky, Anton"]
[WhiteFideId "25012223"]
[BlackFideId "4142500"]
[WhiteElo "2454"]
[BlackElo "2510"]
[Result "1-0"]
[Round "04"]
[TimeControl "180+1"]
[Date "2021.10.05"]
[WhiteClock "0:01:54"]
[BlackClock "0:00:22"]

1. d4 d5 2. c4 e6 3. Nc3 Be7 4. Nf3 Nf6 5. Bg5 h6 6. Bh4 O-O 7. e3 b6 8. Rc1 Bb7 9. cxd5 Nxd5 10. Bxe7 Qxe7 11. Nxd5 exd5 12. Bd3 c5 13. O-O Nd7 14. Bf5 Nf6 15. Ne5 c4 16. f4 b5 17. Qf3 Ne4 18. Bxe4 dxe4 19. Qf2 Qd6 20. g4 Bd5 21. f5 f6 22. Ng6 Rfc8 23. Nf4 b4 24. Qg3 Rc6 25. h4 c3 26. b3 a5 27. g5 fxg5 28. hxg5 hxg5 29. Qxg5 a4 30. f6 1-0


[Site "https://www.chess.com"]

[Event "Titled Tuesday Blitz October 5 2021"]
[White "Vokhidov, Shamsiddin"]
[Black "Mogirzan, Matei-Valeriu"]
[WhiteFideId "14204223"]
[BlackFideId "1257455"]
[WhiteElo "2616"]
[BlackElo "1733"]
[Result "1-0"]
[Round "04"]
[TimeControl "180+1"]
[Date "2021.10.05"]
[WhiteClock "0:01:34"]
[BlackClock "0:00:04"]

1. e4 e5 2. Nf3 Nf6 3. Nc3 Bc5 4. Nxe5 Nc6 5. Nxc6 dxc6 6. Be2 h5 7. h3 Qd4 8. Rf1 Nxe4 9. Bf3 Nxc3 10. bxc3 Qe5+ 11. Qe2 Qxe2+ 12. Kxe2 Be6 13. d3 O-O-O 14. Be3 Bxe3 15. fxe3 g5 16. Be4 Bd5 17. Bxd5 cxd5 18. Rxf7 Rd6 19. Raf1 Ra6 20. R1f5 Rxa2 21. Kd2 g4 22. hxg4 hxg4 23. Rxd5 Rd8 24. Rg5 a5 25. Rgg7 Rb2 26. Rxc7+ Kb8 27. Rc5 b6 28. Rcc7 Rf8 29. d4 Rf2+ 30. Kd3 Rbxc2 31. Rb7+ Ka8 32. Rxb6 Rxg2 33. Rh6 Rb2 34. Ra6+ Kb8 35. Rxa5 Rgd2+ 36. Ke4 Rb7 37. Rxb7+ Kxb7 38. Rg5 Rg2 39. c4 g3 40. c5 Rg1 41. Ke5 Kc6 42. e4 Kb5 43. Rg6 Kb4 44. c6 Kb3 45. c7 Rc1 46. Kd6 Kb2 47. Rxg3 Rc2 48. Rg8 Rc3 49. c8=Q Rb3 50. Rg2+ Ka1 51. Qc1+ Rb1 52. Qa3# 1-0


[Site "https://www.chess.com"]

[Event "Titled Tuesday Blitz October 5 2021"]
[White "Vovk, Orest"]
[Black "Krysa, Leandro"]
[WhiteFideId "14113490"]
[BlackFideId "116807"]
[WhiteElo "2203"]
[BlackElo "2490"]
[Result "1-0"]
[Round "04"]
[TimeControl "180+1"]
[Date "2021.10.05"]
[WhiteClock "0:00:13"]
[BlackClock "0:00:07"]

1. h3 c5 2. g4 Nc6 3. Bg2 g6 4. c4 Bg7 5. Nc3 d6 6. Nf3 e5 7. d3 Nge7 8. Be3 f5 9. gxf5 gxf5 10. Bg5 Be6 11. Nh4 Qd7 12. Nd5 O-O-O 13. Qa4 Kb8 14. Nxe7 Nxe7 15. Qxd7 Rxd7 16. e4 f4 17. Bxe7 Rxe7 18. Nf5 Rd7 19. Bf3 Bf6 20. Rg1 Kc7 21. Ke2 Rdd8 22. h4 Rhg8 23. h5 Rxg1 24. Rxg1 Rg8 25. Rxg8 Bxg8 26. Nh6 Be6 27. Bg4 Bg5 28. Bxe6 Bxh6 29. Bf5 Kd8 30. Bxh7 Ke7 31. Bf5 b6 32. Kf3 Kf6 33. Kg4 Bg7 34. Bg6 Bh6 35. Be8 Bg7 36. Bd7 Bh6 37. Bc8 Bg7 38. Kh4 Bh6 39. Bg4 Bg7 40. f3 Bh6 41. Kh3 Ke7 42. Kg2 Kf6 43. Kf2 Ke7 44. Ke2 Kd8 45. Kd2 Kc7 46. Kc3 Kd8 47. Kb3 Kc7 48. Ka4 Kd8 49. Kb5 Kc7 50. Ka6 Kb8 51. Bf5 Bg5 52. Bg6 Bh6 53. a3 Bg5 54. b4 Bh6 55. Bf7 Bg5 56. b5 Bh6 57. a4 Bf8 58. a5 bxa5 59. Kxa5 Kc7 60. Ka6 Kb8 61. Be6 Bh6 62. b6 axb6 63. Kxb6 Bf8 64. Kc6 Ka7 65. Kd7 Kb6 66. Ke8 Bh6 67. Kf7 Ka5 68. Kg6 Bf8 69. h6 Bxh6 70. Kxh6 Kb4 71. Kg6 Kc3 72. Kf6 Kxd3 73. Ke7 Ke3 74. Bg4 Kd4 75. Kxd6 Kxc4 76. Kxe5 Kd3 77. Kxf4 c4 78. e5 c3 79. Bf5+ Kd4 80. e6 Kd5 81. e7 c2 82. Bxc2 Ke6 83. e8=Q+ Kf6 84. Qe5+ Kf7 85. Bb3+ Kf8 86. Qc7 Ke8 87. Bd1 Kf8 88. Kf5 Kg8 89. Kf6 Kh8 90. Qg7# 1-0


[Site "https://www.chess.com"]

[Event "Titled Tuesday Blitz October 5 2021"]
[White "Vusatiuk, Vladimir"]
[Black "Piesik, Piotr"]
[WhiteFideId "14118610"]
[BlackFideId "1136194"]
[WhiteElo "2167"]
[BlackElo "2336"]
[Result "1-0"]
[Round "04"]
[TimeControl "180+1"]
[Date "2021.10.05"]
[WhiteClock "0:00:14"]
[BlackClock "0:01:07"]

1. d4 c5 2. d5 e5 3. e4 d6 4. Nc3 Be7 5. Be3 Bg5 6. Bxg5 Qxg5 7. Nf3 Qd8 8. h3 Ne7 9. Bd3 O-O 10. O-O Ng6 11. Ne2 Nd7 12. a4 Qf6 13. a5 Nf4 14. Nxf4 exf4 15. Qd2 Ne5 16. Nxe5 Qxe5 17. f3 Bd7 18. b4 Rfc8 19. bxc5 Rxc5 20. Qb4 Rb8 21. Rab1 g5 22. Rfd1 Kg7 23. Rb3 Kf6 24. Rdb1 h5 25. Qe1 Rc7 26. R1b2 Qd4+ 27. Qf2 Qxf2+ 28. Kxf2 Ke5 29. Ba6 Bc8 30. Ke2 f5 31. Bd3 fxe4 32. Bxe4 g4 33. hxg4 hxg4 34. Kd3 Rc5 35. Rb5 Rxb5 36. Rxb5 Bd7 37. Rb1 a6 38. Rh1 Rc8 39. Rh5+ Kf6 40. Rh6+ Ke7 41. Rh7+ Kd8 42. Rxd7+ Kxd7 43. Bf5+ Kc7 44. Bxc8 Kxc8 45. fxg4 Kd7 46. Ke4 Ke7 47. c4 Kf6 48. Kxf4 Kg6 49. g5 Kf7 50. g4 Kg6 51. c5 dxc5 52. d6 Kf7 53. g6+ Ke6 54. g7 Kf7 55. d7 1-0


[Site "https://www.chess.com"]

[Event "Titled Tuesday Blitz October 5 2021"]
[White "Warmerdam, Max"]
[Black "Nakamura, Hikaru"]
[WhiteFideId "1048104"]
[BlackFideId "2016192"]
[WhiteElo "2537"]
[BlackElo "2884"]
[Result "1-0"]
[Round "04"]
[TimeControl "180+1"]
[Date "2021.10.05"]
[WhiteClock "0:00:14"]
[BlackClock "0:00:19"]

1. e4 c5 2. Nf3 d6 3. Bb5+ Bd7 4. Bxd7+ Nxd7 5. O-O Ngf6 6. Qe2 e6 7. c3 Rc8 8. d4 cxd4 9. cxd4 d5 10. e5 Ne4 11. Be3 Qb6 12. Ne1 h6 13. f3 Ng5 14. Nd3 Be7 15. Nd2 O-O 16. h4 Nh7 17. g3 Qa6 18. Rfc1 Nb8 19. a3 Rfe8 20. Kf2 Nf8 21. Nc5 Qxe2+ 22. Kxe2 Bxc5 23. dxc5 Ng6 24. f4 h5 25. Nf3 Nc6 26. b4 Nge7 27. Nd4 Nxd4+ 28. Bxd4 Nf5 29. Bf2 Kf8 30. b5 Ke7 31. c6 bxc6 32. bxc6 d4 33. Rab1 Rc7 34. Kd3 Rec8 35. Bxd4 Rxc6 36. Rxc6 Rxc6 37. Bxa7 Nxg3 38. Rb7+ Ke8 39. Bb6 Nf5 40. a4 Ne7 41. a5 Nd5 42. Kd4 g6 43. Bc5 Ra6 44. Bb6 Ra8 45. Kc5 Nxf4 46. Kb5 Nd5 47. a6 Nc3+ 48. Ka5 Kf8 49. a7 Kg7 50. Rb8 Rxa7+ 51. Bxa7 g5 52. hxg5 h4 53. Rb4 Kg6 54. Rxh4 Kxg5 55. Rh7 Kg6 56. Rh8 Kf5 57. Bd4 Ne2 58. Bb2 Nf4 59. Rh7 Kg6 60. Rh4 Nd3 61. Bc3 Kf5 62. Rh7 Kg6 63. Rh3 Nc5 64. Kb5 Ne4 65. Bb2 Kf5 66. Rf3+ Kg5 1-0


[Site "https://www.chess.com"]

[Event "Titled Tuesday Blitz October 5 2021"]
[White "Yakubboev, Nodirbek"]
[Black "Mickiewicz, Piotr"]
[WhiteFideId "14203987"]
[BlackFideId "1114891"]
[WhiteElo "2464"]
[BlackElo "2251"]
[Result "1-0"]
[Round "04"]
[TimeControl "180+1"]
[Date "2021.10.05"]
[WhiteClock "0:00:28"]
[BlackClock "0:00:13"]

1. d4 g6 2. e4 Bg7 3. Nc3 d6 4. f4 c5 5. dxc5 Bxc3+ 6. bxc3 dxc5 7. Qxd8+ Kxd8 8. Nf3 Nc6 9. Be3 b6 10. Bc4 e6 11. O-O-O Kc7 12. Ng5 Nh6 13. h3 Na5 14. Bb5 f6 15. Nf3 Nf7 16. e5 a6 17. Be2 f5 18. g4 Bb7 19. gxf5 gxf5 20. Rhg1 Rhg8 21. Bf2 Bd5 22. Nd2 Rg6 23. Bh5 Rag8 24. Bxg6 hxg6 25. h4 Kc6 26. h5 g5 27. fxg5 Rxg5 28. Rxg5 Nxg5 29. Rg1 Nf7 30. Rg7 Nh6 31. Rg6 Ng4 32. h6 1-0


[Site "https://www.chess.com"]

[Event "Titled Tuesday Blitz October 5 2021"]
[White "ketster"]
[Black "Rasulov, Vugar"]
[BlackFideId "13402390"]
[WhiteElo "2542"]
[BlackElo "2560"]
[Result "0-1"]
[Round "04"]
[TimeControl "180+1"]
[Date "2021.10.05"]
[WhiteClock "0:00:03"]
[BlackClock "0:02:03"]

1. d4 Nf6 2. c4 e6 3. g3 c5 4. d5 exd5 5. cxd5 d6 6. Bg2 g6 7. Nc3 Bg7 8. Nf3 O-O 9. O-O Re8 10. Re1 a6 11. a4 Ne4 12. Nxe4 Rxe4 13. Qc2 Bf5 14. Ng5 Rb4 15. e4 Bd7 16. Ra2 b5 17. Bd2 Rc4 18. Qb3 h6 19. axb5 Bxb5 20. Nf3 Nd7 21. Bf1 Nb6 22. Ba5 Qb8 23. Raa1 Ra4 24. Bxb6 Rb4 25. Qe3 Qxb6 26. e5 Bxf1 27. Rxf1 dxe5 28. Nxe5 Re8 29. Nd7 Rxe3 30. Nxb6 Re2 31. Rxa6 Rd2 32. Re1 Bd4 33. Rf1 c4 34. Nd7 Rbxb2 35. Ra8+ Kg7 36. Nb8 Bxf2+ 37. Kh1 Bd4 38. Nc6 Rxh2# 0-1


[Site "https://www.chess.com"]

[Event "Titled Tuesday Blitz October 5 2021"]
[White "Abdusattorov, Nodirbek"]
[Black "Mekhitarian, Krikor Sevag"]
[WhiteFideId "14204118"]
[BlackFideId "2107660"]
[WhiteElo "2690"]
[BlackElo "2598"]
[Result "1-0"]
[Round "05"]
[TimeControl "180+1"]
[Date "2021.10.05"]
[WhiteClock "0:00:43"]
[BlackClock "0:00:03"]

1. c4 c5 2. g3 Nc6 3. Bg2 g6 4. Nc3 Bg7 5. Nf3 d6 6. O-O e5 7. a3 a5 8. d3 Nge7 9. Ne1 Be6 10. Bg5 f6 11. Be3 b6 12. Nc2 d5 13. cxd5 Nxd5 14. Bxd5 Bxd5 15. b4 axb4 16. axb4 Rxa1 17. Qxa1 cxb4 18. Nxd5 Qxd5 19. Qa8+ Kf7 20. Qb7+ Ne7 21. Qxb6 b3 22. Na1 Rc8 23. Nxb3 Rc2 24. Nd2 h5 25. Qa7 Ra2 26. Qc7 h4 27. Ne4 hxg3 28. Nc3 gxh2+ 29. Kxh2 Qe6 30. Nxa2 Qxa2 31. Bc5 Qe6 32. Qxe7+ Qxe7 33. Bxe7 Kxe7 34. Rb1 f5 35. Rb6 Kf7 36. e3 Bf8 37. Kg3 Bc5 38. Rc6 Ba3 39. e4 Be7 40. Kf3 Bg5 41. Ke2 Bf6 42. Kd2 Bh4 43. f3 Bf2 44. Kc3 Bd4+ 45. Kc4 Kg7 46. Kd5 fxe4 47. dxe4 Kh6 48. f4 1-0


[Site "https://www.chess.com"]